 Dungeon Crawl Stone Soup version 0.15-a0 (webtiles) character file.

254 4tharraofdagon the Poker (level 5, -3/61 HPs)
             Began as a Merfolk Gladiator on Mar 30, 2014.
             Was an Initiate of the Shining One.
             Slain by a spriggan baker
             ... wielding a +0,+0 dagger
              (11 damage)
             ... on Level 7 of the Dungeon.
             The game lasted 00:04:26 (1029 turns).

4tharraofdagon the Poker (Merfolk Gladiator)        Turns: 1029, Time: 00:04:26

HP  -3/61        AC  9     Str 20      XL: 5   Next: 46%
MP   5/5         EV  7     Int  8      God: the Shining One [......]
Gold 89          SH  0     Dex 15      Spells:  0 memorised,  4 levels left

rFire  . . .     SeeInvis .     a - +0 trident
rCold  . . .     Clarity  .     n - +0 chain mail
rNeg   . . .     Conserve .     (no shield)
rPois  .         rCorr    .     c - +0 helmet
rElec  .         rRot     .     (no cloak)
SustAb . .       Spirit   .     (no gloves)
rMut   .         Warding  .     (no boots)
Saprov . . .     Stasis   .     (no amulet)
MR     .....                    (no ring)
                                h - ring of wizardry

@: berserking, very quick, not resistant to hostile enchantments, extremely
unstealthy
A: change form in water, swift swim
a: Renounce Religion


You were on level 7 of the Dungeon.
You worshipped the Shining One.
The Shining One was noncommittal.
You were hungry.

You visited 1 branch of the dungeon, and saw 7 of its levels.

You collected 89 gold pieces.

Inventory:

Hand weapons
 a - a +0,+0 trident (weapon)
Armour
 b - a +0 leather armour
 c - a +0 helmet (worn)
 n - a +0 chain mail (worn)
Comestibles
 f - 2 bread rations
 m - an apple
 o - a choko
Scrolls
 e - a scroll of enchant armour {unknown}
 g - a scroll of remove curse {unknown}
 i - 2 scrolls of identify {unknown}
 j - 2 scrolls of fear {unknown}
 k - a scroll of noise {unknown}
 l - a scroll of amnesia {unknown}
Jewellery
 h - a ring of wizardry (left hand)
Potions
 p - a potion of confusion {unknown}


   Skills:
 + Level 3.1 Fighting
 * Level 6.5 Polearms
 - Level 2.0 Throwing
 + Level 1.4 Armour
 + Level 5.0 Dodging


You had 4 spell levels left.
You didn't know any spells.

Dungeon Overview and Level Annotations

Branches:
Dungeon (7/15)
 Temple: D:4-7

Altars:
Makhleb
The Shining One

Annotations:
D:5 Pikel


Message History

The spriggan baker hits you but does no damage.
Unknown command.
You closely miss the spriggan baker. You miss the spriggan baker.
The spriggan baker barely misses you.
You miss the spriggan baker. The spriggan baker barely misses you.
You puncture the spriggan baker!
The spriggan baker is moderately wounded.
You barely miss the spriggan baker.
The spriggan baker is moderately wounded.
The spriggan baker hits you with a dagger!
* * * LOW HITPOINT WARNING * * *
You miss the spriggan baker.
The spriggan baker is moderately wounded.
The spriggan baker closely misses you.
Your chain mail prevents you from hitting the spriggan baker.
The spriggan baker is moderately wounded.
You hit the spriggan baker.
The spriggan baker is heavily wounded.
The spriggan baker hits you with a dagger!
You die...

####)# #.# #.# ##+## #.# ##...##
#.# ## ##.....## ## ##.# ##
##.### ##.......##(#%#..#### ..
.....###..>......i..%#.....##.###
.......'........@# #...........
.....###.........# #....#..##.###
.#.#.# ##.......## #.#.##..#
.###.# ##.....## #.###...# .###.#
##...## # #...# .....# ##+## #.
#.#.# .##### #.### #.###.#.# .#
#########.#.#####.......### .#
#...............##........#


You could see a spriggan baker.

Vanquished Creatures
  An orc priest (D:6)
  2 worker ants (D:5)
  A big kobold zombie (D:5)
  2 adders
  A worm (D:3)
  2 oozes
  10 orcs
  A ball python (D:1)
  3 bats
  2 giant cockroaches (D:1)
  A hobgoblin (D:3)
  A kobold (D:1)
  A quokka (D:7)
  A ball python skeleton (D:5)
  2 giant newts
  4 goblins
  5 rats
40 creatures vanquished.

Notes
Turn   | Place    | Note
--------------------------------------------------------------
     0 | D:1      | 4tharraofdagon, the Merfolk Gladiator, began the quest for the Orb.
     0 | D:1      | Reached XP level 1. HP: 16/16 MP: 1/1
   130 | D:1      | Reached XP level 2. HP: 21/23 MP: 2/2
   171 | D:2      | Reached skill level 5 in Polearms
   276 | D:3      | Reached XP level 3. HP: 17/28 MP: 3/3
   338 | D:3      | Found a burning altar of Makhleb.
   338 | D:3      | Found a glowing golden altar of the Shining One.
   353 | D:3      | Became a worshipper of the Shining One
   380 | D:3      | Reached skill level 1 in Armour
   419 | D:4      | Noticed an ogre
   462 | D:5      | Entered Level 5 of the Dungeon
   570 | D:5      | Reached XP level 4. HP: 27/34 MP: 4/4
   694 | D:5      | Reached skill level 6 in Polearms
   740 | D:5      | Noticed a slave
   741 | D:5      | Noticed Pikel
   741 | D:5      | Reached XP level 5. HP: 28/40 MP: 5/5
   876 | D:6      | Reached skill level 5 in Dodging
  1018 | D:7      | Noticed a spriggan baker
  1029 | D:7      | Slain by a spriggan baker

Action                   |  1- 3 |  4- 6 || total
-------------------------+-------+-------++-------
Melee: Trident           |    87 |   108 ||   195
Throw: Throwing net      |     6 |     2 ||     8
  Use: Potion            |       |     4 ||     4
 Stab: Held in net/web   |     3 |       ||     3
